AoeStats
← sebojo

MegaRandom

508994171Analyzed
2v2 RM · 6d ago on Sep 25, 2026· 74m 43s· 4 players
Game mode
Random Map
Map size
Medium (4 player)
Population
200
Speed
Normal
Resources
Standard
Victory
Conquest
Starting age
Dark Age
Ending age
Imperial Age
RankedLock teamsTeams togetherTeam positionsShared explorationLock speedFull tech treeHidden civsTurbo modeCheats
Victory
Defeat
🇺🇸 Inca · United States
510
+15
🇺🇸 Romans · United States
432
+18
🇬🇧 Bohemians · United Kingdom
485
-17
🇺🇸 Hindustanis · United States
480
-16
Jarvis
4:56 Loom
11:50 Feudal Age
12:37 Double-Bit Axe
12:35 Horse Collar
16:37 Fishing Lines
29:20 Castle Age
27:55 Wheelbarrow
27:30 Gold Mining
27:58 Forging
27:48 Scale Mail Armor
27:42 Fletching
28:02 Forging
27:52 Scale Mail Armor
27:55 Padded Archer Armor
28:00 Scale Barding Armor
32:54 Bow Saw
32:45 Bodkin Arrow
34:04 Hand Cart
35:49 Fervor
35:50 Redemption
35:56 Redemption
36:46 Gold Shaft Mining
36:06 Stone Mining
37:21 Ballistics
38:39 Heavy Plow
40:22 Husbandry
40:32 Bloodlines
41:32 Squires
40:53 Pikeman
40:53 Man-at-Arms
42:28 Caravan
47:33 Imperial Age
45:39 Ballistas
49:06 Conscription
49:07 Comitatenses
49:17 Comitatenses
50:19 Iron Casting
49:59 Chain Mail Armor
50:00 Leather Archer Armor
50:05 Chain Barding Armor
49:14 Halberdier
49:15 Long Swordsman
49:18 Elite Skirmisher
49:21 Cavalier
49:22 Light Cavalry
51:27 Chemistry
51:26 Heavy Scorpion
53:14 Herbal Medicine
54:40 Blast Furnace
54:12 Ring Archer Armor
53:36 Elite Centurion
53:42 Capped Ram
60:02 Legionary
71:03 Siege Ram
Biscuit
0:54 Loom
18:00 Feudal Age
20:03 Town Watch
21:14 Wheelbarrow
20:24 Horse Collar
20:37 Double-Bit Axe
24:09 Castle Age
31:22 Forging
31:12 Scale Mail Armor
32:47 Medium Warships
31:59 Demolition Ship
35:45 Imperial Age
34:12 Town Patrol
34:25 Caravan
34:55 Coinage
40:02 Conscription
39:34 Champi Runner
40:14 Squires
40:00 Arson
41:56 Champi Warrior
44:41 Bow Saw
44:32 Heavy Plow
51:52 Heavy Warships
53:50 Iron Casting
53:30 Chain Mail Armor
53:19 Elite Champi Warrior
55:00 Gold Mining
55:01 Stone Mining
55:42 Crop Rotation
59:39 Redemption
60:01 Block Printing
60:16 Illumination
60:16 Sanctity
61:22 Chemistry
60:21 Murder Holes
60:08 Treadmill Crane
60:22 Arrowslits
60:28 Guard Tower
60:32 Heated Shot
60:53 Masonry
60:49 Siege Engineers
60:55 Fortified Wall
60:58 Clinker Construction
61:57 Hand Cart
62:41 Theocracy
62:05 Herbal Medicine
63:04 Banking
65:03 Ballistics
66:13 Stone Shaft Mining
66:13 Gold Shaft Mining
66:46 Blast Furnace
66:17 Plate Mail Armor
67:40 Shipwright
67:33 Careening
68:00 Keep
68:09 Heavy Warships
70:56 Fletching
71:06 Padded Archer Armor
NWI Nutball
13:02 Feudal Age
14:24 Wheelbarrow
13:51 Horse Collar
14:37 Double-Bit Axe
21:11 Forging
21:03 Scale Mail Armor
21:09 Scale Barding Armor
22:05 Gold Mining
22:22 Stone Mining
24:40 Castle Age
22:42 Fletching
23:12 Man-at-Arms
23:39 Arson
24:10 Padded Archer Armor
26:05 Hand Cart
31:11 Iron Casting
30:58 Chain Barding Armor
30:54 Chain Mail Armor
30:44 Squires
30:05 Long Swordsman
35:22 Grand Trunk Road
35:29 Bodkin Arrow
35:50 Leather Archer Armor
36:16 Gold Shaft Mining
36:17 Stone Shaft Mining
35:56 Bow Saw
35:58 Heavy Plow
40:24 Imperial Age
38:15 Loom
38:23 Loom
39:57 Fishing Lines
40:32 Medium Warships
41:51 Two-Handed Swordsman
41:53 Pikeman
42:55 Champion
43:35 Siege Elephant
46:39 Blast Furnace
48:34 Conscription
48:54 Hoardings
49:29 Fervor
49:40 Sanctity
50:58 Two-Man Saw
52:02 Chemistry
51:10 Siege Engineers
51:02 Murder Holes
51:22 Masonry
51:05 Guard Tower
51:50 Ballistics
52:35 Elite Cannon Galleon
54:35 Caravan
sebojo
10:05 Loom
13:53 Feudal Age
15:09 Wheelbarrow
14:20 Town Watch
14:45 Fishing Lines
16:00 Double-Bit Axe
16:24 Horse Collar
27:50 Castle Age
28:28 Padded Archer Armor
28:19 Fletching
28:41 Forging
28:57 Hand Cart
28:43 Town Patrol
29:15 Medium Warships
33:04 Wagenburg Tactics
34:12 Chemistry
36:00 Ballistics
35:49 Siphons
35:55 Clinker Construction
35:56 Careening
38:51 Leather Archer Armor
46:52 Imperial Age
44:57 Bow Saw
47:39 Houfnice
51:49 Heavy Warships
55:30 Elite Hussite Wagon
61:19 Pikeman
62:01 Squires
63:00 Halberdier
Connection lost

Rejoining the realm…

Still unreachable

The connection could not be restored.

Session expired

The server has moved on; the page needs a fresh start.